 Dungeon Crawl Stone Soup version 0.28.0 (webtiles) character file.

Game seed: 4782155372557316913

147 GrayStillPlays the Shield-Bearer (level 5, 0/47 HPs)
             Began as a Gnoll Fighter on Feb 11, 2022.
             Slain by a gnoll (4 damage)
             ... on level 3 of the Dungeon.
             The game lasted 00:03:09 (2704 turns).

GrayStillPlays the Shield-Bearer (Gnoll Fighter)    Turns: 2704, Time: 00:03:09

Health: 0/47       AC:  7    Str: 15    XL:     5   Next: 29%
Magic:  6/7        EV:  9    Int: 10    God:
Gold:   175        SH:  5    Dex: 11    Spells: 6/6 levels left

rFire   . . .      SeeInvis .   a - +0 war axe {axe}
rCold   . . .      Faith    .   c - +0 buckler
rNeg    . . .      Spirit   .   b - +0 scale mail
rPois   .          Reflect  .   (no helmet)
rElec   .          Harm     .   (no cloak)
rCorr   .          Rampage  .   (no gloves)
Will    .....                   (no boots)
Stlth   ..........              (no amulet)
HPRegen 0.15/turn               (no ring)
MPRegen 0.10/turn               (no ring)

@: lit by a corona, glowing
A: fangs 1, strong nose, distributed training
a: no special abilities


You were on level 3 of the Dungeon.
You visited 1 branch of the dungeon, and saw 3 of its levels.

You collected 175 gold pieces.


Innate Abilities, Weirdness & Mutations

You have very sharp teeth.
Your uncanny sense of smell can sniff out nearby items.
Your experience applies equally to all skills.


   Skills:
 + Level 6.7 Fighting
 + Level 1.4 Short Blades
 + Level 1.4 Long Blades
 + Level 4.7 Axes
 + Level 1.4 Maces & Flails
 + Level 1.4 Polearms
 + Level 1.4 Staves
 + Level 1.4 Slings
 + Level 1.4 Bows
 + Level 1.4 Crossbows
 + Level 1.4 Throwing
 + Level 6.7 Armour
 + Level 1.4 Dodging
 + Level 1.4 Stealth
 + Level 6.7 Shields
 + Level 1.4 Unarmed Combat
 + Level 1.4 Spellcasting
 + Level 1.1 Conjurations
 + Level 1.1 Hexes
 + Level 1.1 Summonings
 + Level 1.1 Necromancy
 + Level 1.1 Translocations
 + Level 1.1 Transmutations
 + Level 1.1 Fire Magic
 + Level 1.1 Ice Magic
 + Level 1.1 Air Magic
 + Level 1.1 Earth Magic
 + Level 1.1 Poison Magic
 + Level 1.6 Invocations
 + Level 1.4 Evocations


You had 6 spell levels left.
You didn't know any spells.
Your spell library was empty.

Inventory:

Hand Weapons
 a - a +0 war axe (weapon) {axe}
 m - a +1 short sword of flaming {short}
   (You took it off a kobold on level 2 of the Dungeon)
Missiles
 f - 4 curare-tipped darts (quivered) {=fthrowing}
 g - 79 arrows
 j - 7 stones {throwing}
 k - 3 poisoned darts {throwing}
 o - 30 sling bullets
Armour
 b - a +0 scale mail (worn)
 c - a +0 buckler (worn)
Scrolls
 i - 4 scrolls of identify {unknown}
 l - 2 scrolls of blinking {unknown}
 n - a scroll of teleportation {unknown}
 p - a scroll of brand weapon {unknown}
 q - a scroll of summoning {unknown}
 t - a scroll of vulnerability {unknown}
Potions
 d - 2 potions of might
 e - 2 potions of lignification {unknown}
 h - 2 potions of brilliance {unknown}
 r - a potion of curing {unknown}
 s - 2 potions of resistance {unknown}

Dungeon Overview and Level Annotations

Branches:
Dungeon (3/15)

Altars:
Dithmenos
Wu Jian

#. #.≈......#.#
#####.
#........#.#
#.....##
#..........# ∆
#.## #.#........#
##.###.#.#.......
###.<...#.####.###
###.###.....#.#.#
#.#
..........###...#
#.# .######@###
#...# #+# #g#
#._.# #g# ....#
#...# #...# #.#.#
#.#.. ...... ..P


PP. ..P.....P. ..P. .P... You could see 2 gnolls.


Message History

The rat barely misses you. You block the jackal's attack.
There is an open door here.
You slash the jackal!
You kill the jackal!
You closely miss the rat. The rat closely misses you.
You barely miss the rat. Your bite misses the rat.
The rat bites you but does no damage. You block the rat's attack.
You slash the rat!
You kill the rat!
No target in view!
No target in view!
You see here a rat corpse.
You now have 135 gold pieces (gained 14).
o - 30 sling bullets (gained 21)
You now have 141 gold pieces (gained 6).
You see here a +0 dagger {short}.
You now have 150 gold pieces (gained 9).
You now have 165 gold pieces (gained 15).
You open the door.
There is an open door here.
p - a scroll labelled ODUIWAE NOSICI
q - a scroll labelled SUOFAJ UTHRUQ You now have 167 gold pieces (gained 2).
e - 2 dark potions (gained 1)
r - a fizzy blue potion
There is a stone staircase leading up here.
s - 2 red potions Done exploring.
Done exploring.
There is a stone staircase leading down here.
You climb downwards.
There is a stone staircase leading up here.
You now have 175 gold pieces (gained 8).
t - a scroll labelled JOUQAL ORREU
Found an ornate altar of the Wu Jian Council.
Found an escape hatch in the ceiling.
g - 79 arrows (gained 17)
There is an escape hatch in the ceiling here.
A gnoll comes into view. It is wielding a +0 flail.
The gnoll shouts!
You hear a shout! x2
A gnoll is nearby!
A gnoll shaman comes into view. It is wielding a +0 whip.
A gnoll comes into view. It is wielding a +0 flail.
The gnoll shaman calls upon its god to speed up the gnoll.
The gnoll seems to speed up.
The gnoll shaman calls upon its god to speed up the gnoll.
The gnoll seems to speed up.
The gnoll hits you with a +0 flail. 😕 HP[-5]
You take 5 damage, and now have 36/41 hp.
You slash the gnoll! You block the gnoll's attack.
The gnoll hits you with a +0 flail. 😕 HP[-3]
You take 3 damage, and now have 33/41 hp.
You hit the gnoll but do no damage. The gnoll hits you with a +0 flail!
The gnoll hits you with a +0 flail. 😮 HP[-9]
You take 9 damage, and now have 24/41 hp.
MASSIVE DAMAGE!! (PAUSE)
You slash the gnoll!
You kill the gnoll!
The gnoll hits you with a +0 flail.
You have reached level 5! 😮 HP[+2] MP[+1]
You now have 47 max hp (+6).
You regained 2 hp, and now have 26/47 hp.
Your mp is fully restored (6).
You slash the gnoll! You bite the gnoll, but do no damage.
The gnoll hits you with a +0 flail.
* * * LOW HITPOINT WARNING * * *
A gnoll comes into view.
It is wielding a +1 spear of venom. 😨 HP[-3]
You take 3 damage, and now have 23/47 hp.
You slash the gnoll shaman!
The gnoll shaman calls upon its god to heal the gnoll.
The gnoll is healed somewhat.
You hit the gnoll shaman.
You bite the gnoll shaman, but do no damage.
The gnoll shaman calls down the wrath of its god upon you.
You are outlined in light.
You hit the gnoll shaman but do no damage.
Your bite misses the gnoll shaman.
The gnoll shaman utters an invocation to its god.
The gnoll shaman is healed somewhat.
You slash the gnoll shaman!
You kill the gnoll shaman!
The gnoll hits you with a +0 flail!
* * * LOW HITPOINT WARNING * * *
😨 HP[-6]
You take 6 damage, and now have 17/47 hp.
You barely miss the gnoll. You bite the gnoll. You block the gnoll's attack. x2
The gnoll hits you with a +0 flail.
* * * LOW HITPOINT WARNING * * *
The gnoll closely misses you. 😱 HP[-6]
You take 6 damage, and now have 11/47 hp.
You barely miss the gnoll. The gnoll hits you with a +0 flail!
* * * LOW HITPOINT WARNING * * *
The gnoll hits you from afar with a +1 spear of venom.
You die...

Skill      XL: |  1  2  3  4 |
---------------+-------------+-----
Invocations    | 1 |  1.6
Short Blades   | 1 |  1.4
Long Blades    | 1 |  1.4
Maces & Flails | 1 |  1.4
Polearms       | 1 |  1.4
Staves         | 1 |  1.4
Slings         | 1 |  1.4
Bows           | 1 |  1.4
Crossbows      | 1 |  1.4
Throwing       | 1 |  1.4
Dodging        | 1 |  1.4
Stealth        | 1 |  1.4
Unarmed Combat | 1 |  1.4
Spellcasting   | 1 |  1.4
Evocations     | 1 |  1.4
Conjurations   | 1 |  1.1
Hexes          | 1 |  1.1
Summonings     | 1 |  1.1
Necromancy     | 1 |  1.1
Translocations | 1 |  1.1
Transmutations | 1 |  1.1
Fire Magic     | 1 |  1.1
Ice Magic      | 1 |  1.1
Air Magic      | 1 |  1.1
Earth Magic    | 1 |  1.1
Poison Magic   | 1 |  1.1
Fighting       | |  6.7
Axes           | |  4.7
Armour         | |  6.7
Shields        | |  6.7

Action                   |  1- 3 |  4- 6 || total
-------------------------+-------+-------++-------
Melee: War axe           |   130 |    81 ||   211
       Bite              |    10 |     8 ||    18
Armor: Scale mail        |    73 |    41 ||   114
Dodge: Dodged            |    76 |    33 ||   109
Block: Buckler           |    52 |    24 ||    76

Levels and vault maps discovered:
D:1:      erik_arrival_cave_to_civilisation [erik_arrival_cave_to_hall],
          layout_loops_corners, nicolae_ecumenical_lake_church
D:2:      minmay_thinvault, layout_rooms, basic_altar, serial_bayou_lake_a
D:3:      layout_loops_corners, old_standard_altar,
          mainiacjoe_overflow_boulevard, lemuel_coloured_pillars_altar,
          nicolae_grassy_gnolls

Notes
Turn   | Place    | Note
-------+----------+-------------------------------------------
     0 | D:1      | GrayStillPlays the Gnoll Fighter began the quest for the
                  | Orb.
     0 | D:1      | Reached XP level 1. HP: 23/23 MP: 1/1
     0 | D:1      | magus.rc [v1.9.6]
   156 | D:1      | Reached XP level 2. HP: 27/29 MP: 2/2
   533 | D:1      | Found a faded altar of an unknown god.
   709 | D:1      | Reached XP level 3. HP: 32/35 MP: 3/3
  1110 | D:1      | Reached skill level 1 in Invocations
  1491 | D:2      | Reached skill level 1 in Short Blades
  1491 | D:2      | Reached skill level 1 in Long Blades
  1491 | D:2      | Reached skill level 1 in Maces & Flails
  1491 | D:2      | Reached skill level 1 in Polearms
  1491 | D:2      | Reached skill level 1 in Staves
  1491 | D:2      | Reached skill level 1 in Slings
  1491 | D:2      | Reached skill level 1 in Bows
  1491 | D:2      | Reached skill level 1 in Crossbows
  1491 | D:2      | Reached skill level 1 in Throwing
  1491 | D:2      | Reached skill level 1 in Dodging
  1491 | D:2      | Reached skill level 1 in Stealth
  1491 | D:2      | Reached skill level 1 in Unarmed Combat
  1491 | D:2      | Reached skill level 1 in Spellcasting
  1491 | D:2      | Reached skill level 1 in Evocations
  1745 | D:2      | Reached XP level 4. HP: 41/41 MP: 5/5
  1837 | D:2      | Found a shadowy altar of Dithmenos.
  2200 | D:2      | Reached skill level 1 in Conjurations
  2200 | D:2      | Reached skill level 1 in Hexes
  2200 | D:2      | Reached skill level 1 in Summonings
  2200 | D:2      | Reached skill level 1 in Necromancy
  2200 | D:2      | Reached skill level 1 in Translocations
  2200 | D:2      | Reached skill level 1 in Transmutations
  2200 | D:2      | Reached skill level 1 in Fire Magic
  2200 | D:2      | Reached skill level 1 in Ice Magic
  2200 | D:2      | Reached skill level 1 in Air Magic
  2200 | D:2      | Reached skill level 1 in Earth Magic
  2200 | D:2      | Reached skill level 1 in Poison Magic
  2669 | D:3      | Found an ornate altar of the Wu Jian Council.
  2698 | D:3      | Reached XP level 5. HP: 26/47 MP: 6/6
  2703 | D:3      | HP: 11/47 [gnoll (6)]
  2704 | D:3      | HP: 4/47 [gnoll (7)]
  2704 | D:3      | Slain by a gnoll

Vanquished Creatures
  A gnoll shaman (D:3)
  A gnoll (D:3)
  3 adders (D:2)
  3 worms (D:2)
  A dart slug (D:2)
  7 ball pythons
  11 bats
  6 endoplasms
  A giant cockroach (D:1)
  6 goblins
  10 hobgoblins
  4 jackals
  6 kobolds
  A quokka (D:2)
  A frilled lizard (D:2)
  A quokka skeleton (D:2)
  4 rats
67 creatures vanquished.

Vanquished Creatures (others)
  7 plants (D:2)
7 creatures vanquished.

Grand Total: 74 creatures vanquished

Table legend:
 A = Non-vault XP
 B = Vault XP
 C = Vault XP percentage of total XP
 D = Non-vault monster count
 E = Vault monster count
 F = Vault count percentage of total count
                 A         B        C        D         E       F
            +---------+---------+-------+---------+---------+-------
      Total |      96 |     115 |  54.5 |      46 |      21 |  31.3
            +---------+---------+-------+---------+---------+-------
        D:1 |      56 |       0 |   0.0 |      31 |       0 |   0.0
        D:2 |      40 |      62 |  60.8 |      15 |      19 |  55.9
        D:3 |       0 |      53 | 100.0 |       0 |       2 | 100.0
            +---------+---------+-------+---------+---------+-------

Illustrated notes

Table legend:
 A = Kills in this place as a percentage of kills in entire the game.
 B = Kills by you in this place as a percentage of kills by you in the entire game.
 C = Kills by friends in this place as a percentage of kills by friends in the entire game.
 D = Other kills in this place as a percentage of other kills in the entire game.
 E = Experience gained in this place as a percentage of experience gained in the entire game.
 F = Experience gained in this place divided by the number of levels of this place that you have seen.
                   A       B       C       D       E      F
               +-------+-------+-------+-------+-------+----------------------
         Total | 100.0 | 100.0 |   N/A |   N/A | 100.0 |  70.3
       Dungeon | 100.0 | 100.0 |   N/A |   N/A | 100.0 |  70.3
               +-------+-------+-------+-------+-------+----------------------

Table legend: (Time is in decaauts)
 A = Elapsed time spent in this place.
 B = Non-inter-level travel time spent in this place.
 C = Inter-level travel time spent in this place.
 D = Time resting spent in this place.
 E = Time spent auto-exploring this place.
 F = Levels seen in this place.
 G = Mean time per level.
                   A        B        C        D        E       F      G
               +--------+--------+--------+--------+--------+-----+--------+
         Total |   2800 |   2701 |     99 |      0 |   2207 |   3 |  933.3 |
       Dungeon |   2800 |   2701 |     99 |      0 |   2207 |   3 |  933.3 |
               +--------+--------+--------+--------+--------+-----+--------+

Top non-repeatable levels by time:
     D:2: 1394 daAuts
     D:1: 1343 daAuts
     D:3: 62 daAuts
